 Dungeon Crawl Stone Soup version 0.30-a0-368-g86fb4627a9 (webtiles) character file.

Game seed: 7669305613129877751

1114 JOEMAMA2 the Slasher (level 8, -8/70 HPs)
             Began as a Minotaur Berserker on Nov 19, 2022.
             Was a Priest of Trog.
             Mangled by Prince Ribbit (14 damage)
             ... on level 5 of the Dungeon.
             The game lasted 00:14:33 (4726 turns).

JOEMAMA2 the Slasher (Minotaur Berserker)           Turns: 4726, Time: 00:14:34

Health: -8/70      AC: 10    Str: 30    XL:     8   Next: 12%
Magic:  7/7        EV: 10    Int:  4    God:    Trog [***...]
Gold:   16         SH:  0    Dex: 10    Spells: 7/7 levels left

rFire   . . .      SeeInvis .    v - +0 executioner's axe
rCold   . . .      Faith    .    (shield currently unavailable)
rNeg    . . .      Spirit   .    w - +0 chain mail
rPois   .          Reflect  .    (helmet restricted)
rElec   .          Harm     .    (no cloak)
rCorr   +          Rampage  .    (no gloves)
Will    .....                    (no boots)
Stlth   ..........               (no amulet)
HPRegen 0.31/turn                c - +6 ring of strength
MPRegen 0.10/turn                g - ring of resist corrosion

@: mighty, about to teleport, on berserk cooldown, slowed, very slow
A: horns 2, retaliatory headbutt, talons 1
a: Renounce Religion, Berserk, Trog's Hand


You were on level 5 of the Dungeon.
You worshipped Trog.
Trog was most pleased with you.
You visited 1 branch of the dungeon, and saw 5 of its levels.
You also visited: Ossuary.

You collected 315 gold pieces.
You spent 299 gold pieces at shops.

Inventory:

Hand Weapons
 a - a +0 falchion
 v - a +0 executioner's axe (weapon)
 x - a +2 scythe of venom
Missiles
 q - a throwing net
Armour
 b - a +0 animal skin
 d - a +0 ring mail
 t - a +1 scale mail
 w - a +0 chain mail (worn)
Jewellery
 c - a +6 ring of strength (left hand)
 e - a ring of see invisible
 g - a ring of resist corrosion (right hand)
 l - a ring of poison resistance
Wands
 h - a wand of charming (16) (quivered)
 u - a wand of light (7)
Scrolls
 f - 4 scrolls of amnesia
 i - 2 scrolls of butterflies
 n - a scroll of teleportation
 o - a scroll of immolation {unknown}
 y - a scroll of fear
Potions
 k - 3 potions of might
 m - a potion of magic
 p - 3 potions of brilliance
 r - a potion of lignification
 s - a potion of resistance
 z - 3 potions of cancellation


   Skills:
 + Level 6.0 Fighting
 - Level 7.0 Long Blades
 + Level 1.1(3.1) Axes
 + Level 4.6(4.7) Polearms
 + Level 5.7 Armour
 + Level 4.2 Dodging
 - Level 0.5 Stealth


You had 7 spell levels left.
You didn't know any spells.
Your spell library was empty.

Dungeon Overview and Level Annotations

Branches:
Dungeon (5/15)            Ossuary (visited)
 Temple: D:4-7

Altars:
Elyvilon
Yredelemnul

Shops:
D:5 ?*(

Annotations:
D:5 Prince Ribbit


Innate Abilities, Weirdness & Mutations

You have a pair of horns on your head.
You reflexively headbutt those who attack you in melee.
You have sharp toenails.


Message History

Prince Ribbit hits you.
* * * LOW HITPOINT WARNING * * *
Prince Ribbit blinks!
You feel better.
You feel better.
You feel better.
Prince Ribbit blinks!
Prince Ribbit hits you but does no damage.
You feel very mighty all of a sudden.
Prince Ribbit hits you but does no damage.
Prince Ribbit barely misses you.
You closely miss Prince Ribbit. Your kick misses Prince Ribbit.
Your headbutt misses Prince Ribbit.
Prince Ribbit is lightly wounded.
Prince Ribbit barely misses you. Prince Ribbit hits you.
Prince Ribbit closely misses you.
You miss Prince Ribbit. Your kick misses Prince Ribbit.
Prince Ribbit is lightly wounded.
Prince Ribbit hits you but does no damage.
Prince Ribbit misses you.
Prince Ribbit hits you but does no damage.
Prince Ribbit hits you!
* * * LOW HITPOINT WARNING * * *
You closely miss Prince Ribbit. Your headbutt misses Prince Ribbit.
Prince Ribbit is lightly wounded.
Prince Ribbit hits you.
* * * LOW HITPOINT WARNING * * *
Prince Ribbit catches a fly with his tongue.
Prince Ribbit hits you but does no damage.
Prince Ribbit asks, "Just a little smooch?"
Prince Ribbit hits you but does no damage.
Prince Ribbit hits you!
* * * LOW HITPOINT WARNING * * *
You feel better. Prince Ribbit hits you.
* * * LOW HITPOINT WARNING * * *
Prince Ribbit barely misses you.
As you read the scroll of teleportation, it crumbles to dust.
You feel strangely unstable. Prince Ribbit hits you!
* * * LOW HITPOINT WARNING * * *
Prince Ribbit hits you!
You die...

.... ...# #...# ...# ##
##... ..# ####)†#
...##≈≈#)# #####
....?≈≈F.## ##...##
####.≈≈@..# ##.....#
#.≈≈.#.# ##......#
#.≈≈.### #.......#
♣♣♣.≈≈.♣♣♣ ##......)#
♣...≈≈[..♣####.......##
♣.∩.≈≈.8.♣#.#.>......#
♣...≈≈...♣#..........#
♣.♣.≈≈.∩.♣##........##
♣...≈≈...♣ #........#


You could see Prince Ribbit.

Vanquished Creatures
  Sigmund (D:4)
  A black bear (D:5)
  3 phantoms (D:4)
  2 water moccasin zombies (Ossuary)
  A wight (Ossuary)
  2 bullfrog zombies (Ossuary)
  A centaur zombie (Ossuary)
  Ijyb (D:3)
  A scorpion zombie (Ossuary)
  Natasha (thrice) (D:2)
  2 iguanas
  Robin (D:4)
  6 gnolls
  2 adders
  5 worms
  An adder skeleton (D:2)
  2 adder zombies (Ossuary)
  2 dart slugs
  2 orcs (D:4)
  2 bats
  A bat zombie (D:2)
  7 endoplasms
  3 giant cockroaches
  5 gnoll zombies (Ossuary)
  14 goblins
  8 hobgoblins
  5 jackals (D:3)
  4 quokkas
  8 ball pythons
  2 ball python zombies (D:2)
  3 frilled lizards (D:1)
  2 goblin zombies (Ossuary)
  4 hobgoblin zombies (Ossuary)
  5 kobolds
  6 orc zombies (Ossuary)
  6 rats
124 creatures vanquished.

Vanquished Creatures (collateral kills)
  A ball python skeleton (D:2)
  A jackal zombie (D:2)
2 creatures vanquished.

Vanquished Creatures (others)
  7 withered plants (D:2)
7 creatures vanquished.

Grand Total: 133 creatures vanquished

Notes
Turn   | Place    | Note
-------+----------+-------------------------------------------
     0 | D:1      | JOEMAMA2 the Minotaur Berserker began the quest for the
                  | Orb.
     0 | D:1      | Reached XP level 1. HP: 19/19 MP: 0/0
   263 | D:1      | Reached XP level 2. HP: 15/27 MP: 1/1
   360 | D:1      | Reached skill level 4 in Long Blades
   886 | D:2      | Reached XP level 3. HP: 25/33 MP: 2/2
  1106 | D:2      | Found a faded altar of an unknown god.
  1237 | D:2      | Noticed Natasha
  1238 | D:2      | Found the +4 dagger "Morg" {pain, Will+ Int+5}
  1251 | D:2      | Reached XP level 4. HP: 40/40 MP: 3/3
  1276 | D:2      | Killed Natasha
  1276 | D:2      | Reached ** piety under Trog
  1305 | D:2      | Noticed Natasha
  1316 | D:2      | Killed Natasha
  1400 | D:2      | Noticed Natasha
  1407 | D:2      | Killed Natasha
  1491 | D:2      | Reached XP level 5. HP: 42/47 MP: 4/4
  1929 | D:3      | Found a white marble altar of Elyvilon.
  1961 | D:3      | Found a basalt altar of Yredelemnul.
  2236 | D:3      | Reached skill level 5 in Long Blades
  2318 | D:3      | Noticed Ijyb
  2332 | D:3      | Killed Ijyb
  3134 | D:4      | Noticed a phantom
  3134 | D:4      | Noticed a phantom
  3143 | D:4      | Killed a phantom
  3144 | D:4      | Reached XP level 6. HP: 55/55 MP: 5/5
  3150 | D:4      | Reached skill level 6 in Long Blades
  3168 | D:4      | Reached *** piety under Trog
  3181 | D:4      | Reached skill level 5 in Fighting
  3315 | D:4      | Found a sand-covered staircase.
  3327 | D:4      | Noticed Sigmund
  3341 | D:4      | Killed Sigmund
  3342 | D:4      | Reached XP level 7. HP: 61/61 MP: 6/6
  3399 | Ossuary  | Entered an ossuary
  3492 | Ossuary  | Reached skill level 7 in Long Blades
  3492 | Ossuary  | Reached skill level 1 in Polearms
  3637 | Ossuary  | Reached skill level 5 in Armour
  3740 | Ossuary  | Noticed a silent spectre
  3844 | D:4      | Gained mutation: You have sharp toenails. [potion of
                  | mutation]
  3844 | D:4      | Lost mutation: You have sharp toenails. [potion of
                  | mutation]
  3844 | D:4      | Gained mutation: You have sharp toenails. [potion of
                  | mutation]
  4200 | D:4      | Noticed Robin
  4203 | D:4      | Killed Robin
  4598 | D:5      | Entered Level 5 of the Dungeon
  4672 | D:5      | Found Donnameq's Antique Weapon Emporium.
  4672 | D:5      | Found Fefovvym's General Store.
  4673 | D:5      | Found Xinan's Magic Scroll Boutique.
  4677 | D:5      | Bought an executioner's axe for 250 gold pieces
  4680 | D:5      | Bought a +0 chain mail for 49 gold pieces
  4696 | D:5      | Noticed Prince Ribbit
  4705 | D:5      | Reached XP level 8. HP: 57/70 MP: 7/7
  4712 | D:5      | Reached skill level 1 in Axes
  4726 | D:5      | Mangled by Prince Ribbit

Illustrated notes

Levels and vault maps discovered:
D:1:      dpeg_arrival_more_subterranean_lakeside_camping, layout_loops_corners,
          nrook_loot_triangle
D:2:      layout_basic, ebering_ecumenical_altar_mist, minmay_parallelograms,
          kennysheep_minor_cross, dilly_guarded_unrand_morg
D:3:      kennysheep_goblin_castle, layout_loops_ring, elyvilon_altar_1,
          mainiacjoe_overflow_brackets, gup_sewer_entry_bubbles
D:4:      minmay_chambers_of_threes, layout_basic, nicolae_ossuary_entry_plus,
          st_stairs_4, serial_bayou_pond_a, uniq_sigmund, uniq_robin
D:5:      layout_cave_pods, nicolae_wooded_promenade, nicolae_shop_dragon_depot,
          palyth_stone_intersect, nicolae_elemental_shop, reono_crystal_passage,
          uniq_prince_ribbit1

Skill      XL: |  1  2  3  4  5  6  7  8 |
---------------+-------------------------+-----
Long Blades    | 4 5 6 7 |  7.0
Fighting       | 4 5 6 |  6.0
Armour         | 3 4 5 |  5.7
Dodging        | 3 4 |  4.2
Polearms       | 4 |  4.6
Axes           | 1 |  1.1
Stealth        | |  0.5

Action                   |  1- 3 |  4- 6 |  7- 9 || total
-------------------------+-------+-------+-------++-------
Melee: Falchion          |    64 |   146 |       ||   210
       Headbutt          |     7 |    15 |    20 ||    42
       Punch             |       |     2 |       ||     2
       Halberd           |       |       |    93 ||    93
       Kick              |       |       |     9 ||     9
       Executioner's axe |       |       |    16 ||    16
Invok: Berserk           |     2 |     3 |     2 ||     7
Evoke: Wand              |     1 |       |       ||     1
  Use: Scroll            |     2 |       |    12 ||    14
       Potion            |       |       |    12 ||    12
Armor: Ring mail         |    23 |    38 |       ||    61
       Animal skin       |     1 |       |       ||     1
       Scale mail        |       |    12 |    55 ||    67
       Chain mail        |       |       |    30 ||    30
Dodge: Dodged            |    39 |    89 |    92 ||   220

Table legend: (Time is in decaauts)
 A = Elapsed time spent in this place.
 B = Non-inter-level travel time spent in this place.
 C = Inter-level travel time spent in this place.
 D = Time resting spent in this place.
 E = Time spent auto-exploring this place.
 F = Levels seen in this place.
 G = Mean time per level.
                   A        B        C        D        E       F      G
               +--------+--------+--------+--------+--------+-----+--------+
         Total |   4877 |   4802 |     75 |    489 |   2927 |   6 |  812.8 |
       Dungeon |   4445 |   4370 |     75 |    326 |   2926 |   5 |  889.0 |
       Ossuary |    432 |    432 |      0 |    163 |      1 |   1 |  432.0 |
               +--------+--------+--------+--------+--------+-----+--------+

Top non-repeatable levels by time:
     D:3: 1291 daAuts
     D:4: 1130 daAuts
     D:2: 1000 daAuts
     D:1: 882 daAuts
 Ossuary: 432 daAuts
     D:5: 140 daAuts
